 Dungeon Crawl Stone Soup version 0.32-a0-876-gcfddb08e57 (webtiles) character file.

Game seed: 5612949560926385450

2883 funkygono the Thaumaturge (level 9, -7/45 HPs)
             Began as a Deep Elf Fire Elementalist on Apr 1, 2024.
             Was a Priest of Sif Muna.
             Mangled by a six-headed hydra (11 damage)
             ... on level 8 of the Dungeon.
             The game lasted 00:14:58 (8242 turns).

funkygono the Thaumaturge (DEFE)                    Turns: 8242, Time: 00:14:58

Health: -7/45      AC: 11    Str:  5    XL:     9   Next: 48%
Magic:  21/25      EV: 11    Int: 25    God:    Sif Muna [***...]
Gold:   249        SH:  5    Dex: 15    Spells: 21/28 levels left

rFire   . . .        y - +3 quarterstaff (chaos)
rCold   + . .        (shield currently unavailable)
rNeg    . . .        j - +3 leather armour {rC+}
rPois   .            q - +0 helmet
rElec   .            z - +1 cloak
rCorr   .            f - +0 pair of gloves
SInv    +            B - +0 pair of boots
Will    .....        l - amulet of reflection
Stlth   ++           k - ring of see invisible
HPRegen 0.27/turn    (no ring)
MPRegen 0.19/turn

%: reflection
@: no status effects
A: no striking features
a: Renounce Religion, Channel Magic, Forget Spell


You were on level 8 of the Dungeon.
You worshipped Sif Muna.
Sif Muna was most pleased with you.
You visited 1 branch of the dungeon, and saw 8 of its levels.

You collected 347 gold pieces.
You spent 98 gold pieces at shops.

Inventory:

Hand Weapons
 s - a +4 dagger of venom
 y - a +3 quarterstaff of chaos (weapon)
Missiles
 u - 4 throwing nets
Armour
 a - a +0 robe
 f - a +0 pair of gloves (worn)
 j - a +3 leather armour of cold resistance (worn)
 o - the +3 leather armour of Distant Worlds {Slay+2}
   (You found it on level 3 of the Dungeon)

   Slay+2:    It affects your accuracy & damage with ranged weapons and melee
   (+2).
 q - a +0 helmet (worn)
 z - a +1 cloak (worn)
 B - a +0 pair of boots (worn)
 C - +0 steam dragon scales
Magical Staves
 h - a staff of cold
 A - a staff of cold
 H - a staff of earth
Jewellery
 k - a ring of see invisible (left hand)
 l - an amulet of reflection (around neck)
 v - an amulet of the acrobat
 E - a ring of resist corrosion
 F - a ring of flight
 I - a +5 ring of evasion
Talismans
 e - a beast talisman
Wands
 b - a wand of paralysis (4)
 i - a wand of warping (8)
Scrolls
 m - 3 scrolls of fog
 p - a scroll of amnesia
 t - a scroll of teleportation
 w - 2 scrolls of immolation
 D - a scroll of blinking
Potions
 c - a potion of heal wounds
 d - 4 potions of curing
 g - a potion of enlightenment
 n - a potion of resistance
 r - a potion of lignification {unknown}
 x - 2 potions of ambrosia


   Skills:
 + Level 0.1 Fighting
 + Level 0.7 Staves
 + Level 2.7 Armour
 + Level 2.9 Dodging
 + Level 3.7 Stealth
 + Level 0.1 Shields
 + Level 10.2 Spellcasting
 + Level 5.8 Conjurations
 + Level 9.4 Fire Magic
 + Level 1.2 Invocations


You had 21 spell levels left.
You knew the following spells:

 Your Spells              Type           Power      Damage    Failure   Level
a - Foxfire               Conj/Fire      100%       2x1d9     1%          1
b - Scorch                Fire           100%       2d9       1%          2
c - Flame Wave            Conj/Fire      50%        2d12      3%          4

Your spell library contained the following spells:

 Spells                   Type           Power      Damage    Failure   Level
 Inner Flame              Hex/Fire       36%        N/A       3%          3
 Volatile Blastmotes      Fire/Tloc      72%        2d16      3%          3
 Haunt                    Necr/Summ      6%         N/A       100%        7
 Borgnjor's Revivificati  Necr           6%         N/A       100%        8
 Death's Door             Necr           6%         N/A       100%        9


Dungeon Overview and Level Annotations

Branches:
Dungeon (8/15)             Temple (0/1) D:4
   Lair: D:8-11

Altars:
Elyvilon
Okawaru
Sif Muna

Shops:
D:2 *   D:3 **(


Message History

You start resting.
A six-headed hydra comes into view.
You climb upwards.
There is a stone staircase leading down here.
HP restored.
Magic restored.
Done exploring.
There is an open door here.
There is an open door here.
You see here a +0 long sword.
There is an open door here.
There is an open door here.
You see here an iguana skeleton.
There is an open door here.
There is an open door here.
There is a stone staircase leading down here.
You can't go up here!
You climb downwards.
An orc comes into view. It is wielding a +0 short sword.
The six-headed hydra bites you! The six-headed hydra bites you. x2
The six-headed hydra bites you! The six-headed hydra misses you.
The six-headed hydra barely misses you.
There is a stone staircase leading up, spattered with blood here.
Unknown command.
Casting: Scorch (safe; 1% risk of failure)
Confirm with . or Enter, or press ? or * to list all spells.
Casting: Flame Wave (dangerous; 3% risk of failure)
Press: ? - help, Dir - look around, f - activate A wave of flame ripples out!
The flame wave engulfs the six-headed hydra!!
The six-headed hydra is moderately wounded. (Press . to intensify the flame waves.)
The six-headed hydra bites you but does no damage.
The six-headed hydra bites you. The six-headed hydra bites you!
* * * LOW HITPOINT WARNING * * *
The six-headed hydra bites you!
* * * LOW HITPOINT WARNING * * *
The six-headed hydra closely misses you.
The six-headed hydra bites you!
You die...

+### #. ...
###. ... # #...
.. #.#.#.#####.
.o...... .#
#.....##†##
#....)[<..#
#...@D.)..#
...o...#.....#
.#.......#.#...
#.###.#.#.####.
# #.#.#.. #
#.#.### #. .#
.. .#


You could see a six-headed hydra and 2 orcs.

Vanquished Creatures
  2 steam dragons
  A water moccasin (D:5)
  An ice beast (D:7)
  2 sky beasts (D:7)
  2 black bears
  2 ogres
  2 centaurs
  A phantom (D:5)
  2 bullfrogs
  A gnoll sergeant (D:7)
  3 scorpions (D:5)
  5 killer bees (D:8)
  4 bombardier beetles
  A howler monkey (D:8)
  2 hounds
  3 jellies
  An orc priest (D:4)
  2 gnoll boudas
  Crazy Yiuf (D:5)
  2 sleepcaps
  5 iguanas
  4 orc wizards
  Ijyb (D:4)
  Robin (D:4)
  14 gnolls
  An adder (D:5)
  A shadow imp (D:5)
  A white imp (D:7)
  4 ufetubi
  2 dart slugs (D:4)
  3 ribbon worms
  13 orcs
  11 ball pythons
  6 bats
  10 endoplasms
  A giant cockroach (D:3)
  15 hobgoblins
  10 jackals
  A quokka (D:5)
  2 frilled lizards (D:2)
  11 goblins
  5 kobolds
  7 rats
169 creatures vanquished.

Vanquished Creatures (others)
  559 foxfires
559 creatures vanquished.

Grand Total: 728 creatures vanquished

Notes
Turn   | Place    | Note
-------+----------+-------------------------------------------
     0 | D:1      | funkygono the Deep Elf Fire Elementalist began the quest
                  | for the Orb.
     0 | D:1      | Reached XP level 1. HP: 10/10 MP: 6/6
   278 | D:1      | Reached XP level 2. HP: 15/15 MP: 1/8
   703 | D:1      | Learned a level 2 spell: Scorch
  1317 | D:2      | Reached XP level 3. HP: 19/19 MP: 6/9
  1466 | D:2      | Found Mytt's Assorted Antiques.
  1521 | D:2      | Found a shimmering blue altar of Sif Muna.
  1539 | D:2      | Became a worshipper of Sif Muna the Loreminder
  2052 | D:2      | You fall into a shaft and drop 2 floors!
  2193 | D:4      | Noticed a black bear
  2197 | D:4      | Killed a black bear
  2198 | D:4      | Reached skill level 4 in Spellcasting
  2198 | D:4      | Reached skill level 5 in Fire Magic
  2198 | D:4      | Reached XP level 4. HP: 24/24 MP: 4/12
  2273 | D:4      | Learned a level 4 spell: Flame Wave
  2273 | D:4      | Noticed Ijyb
  2290 | D:4      | Reached XP level 5. HP: 24/28 MP: 10/13
  2292 | D:4      | Killed Ijyb
  2469 | D:3      | Identified the +3 leather armour of Distant Worlds {Slay+2}
  2758 | D:3      | Found Hiukk's Weapon Shoppe.
  3287 | D:3      | Found Zutuq's General Store.
  3294 | D:3      | Bought a potion of heal wounds for 70 gold pieces
  3294 | D:3      | Bought a scroll of identify for 28 gold pieces
  3561 | D:3      | Found Pissax's Assorted Antiques.
  3784 | D:4      | Reached * piety under Sif Muna
  3785 | D:4      | Reached skill level 5 in Spellcasting
  3949 | D:4      | Reached XP level 6. HP: 32/32 MP: 10/15
  3952 | D:4      | Noticed Robin
  3958 | D:4      | Killed Robin
  4171 | D:4      | Found a staircase to the Ecumenical Temple.
  4811 | D:5      | Entered Level 5 of the Dungeon
  4818 | D:5      | Reached ** piety under Sif Muna
  4819 | D:5      | Noticed a water moccasin
  4823 | D:5      | Killed a water moccasin
  4824 | D:5      | Reached skill level 1 in Armour
  4973 | D:5      | Reached skill level 6 in Spellcasting
  4973 | D:5      | Reached XP level 7. HP: 36/36 MP: 13/18
  5201 | D:5      | Found a runed translucent door.
  5202 | D:5      | Noticed Crazy Yiuf
  5556 | D:5      | Identified the +7 flail of Paper {venom, Str+4}
  5824 | D:5      | Reached skill level 7 in Spellcasting
  5824 | D:5      | Reached skill level 1 in Invocations
  5873 | D:5      | Reached XP level 8. HP: 41/41 MP: 14/21
  6106 | D:5      | Found an iron altar of Okawaru.
  6164 | D:5      | Found a white marble altar of Elyvilon.
  6193 | D:5      | Killed Crazy Yiuf
  6549 | D:6      | Reached skill level 8 in Spellcasting
  6695 | D:6      | Reached skill level 5 in Conjurations
  7129 | D:7      | Reached skill level 9 in Spellcasting
  7131 | D:7      | Reached XP level 9. HP: 36/45 MP: 4/24
  7469 | D:7      | Identified the +7 war axe "Joosac" {flame, rPois rCorr}
  8016 | D:8      | Reached *** piety under Sif Muna
  8021 | D:8      | Reached skill level 10 in Spellcasting
  8030 | D:8      | Noticed a six-headed hydra
  8242 | D:8      | Mangled by a six-headed hydra

Illustrated notes

Levels and vault maps discovered:
D:1:      dpeg_chamrin_arrival_tetris, layout_loops_corners,
          amcnicky_mini_corridor_feature
D:2:      layout_basic, serial_shops, shop, basic_altar,
          nicolae_houndstooth_variations
D:3:      layout_loops_cross, serial_shops, nicolae_shop_peninsula, shop,
          nicolae_shop_behind_doors, fountainhead, fountainhead
D:4:      layout_cave_pods, minmay_temple_entry_waves, uniq_ijyb, uniq_robin
D:5:      layout_gridville, jmf_multi_god_temple2, kennysheep_potato,
          uniq_crazy_yiuf_cottage
D:6:      layout_cave_pools, minmay_tree_intersection
D:7:      layout_gridville
D:8:      layout_basic, minmay_microvault

Skill      XL: |  1  2  3  4  5  6  7  8  9 |
---------------+----------------------------+-----
Fire Magic     | 4 5 6 7 8 9 |  9.4
Spellcasting   | 4 5 6 7 9 10 | 10.2
Conjurations   | 2 3 4 5 |  5.8
Armour         | 1 2 |  2.7
Invocations    | 1 |  1.2
Stealth        | 3 |  3.7
Fighting       | |  0.1
Staves         | |  0.7
Dodging        | |  2.9
Shields        | |  0.1

Action                     |  1- 3 |  4- 6 |  7- 9 || total
---------------------------+-------+-------+-------++-------
  Melee: Staff             |     1 |       |       ||     1
         Quarterstaff      |       |       |     3 ||     3
   Cast: Foxfire           |    63 |   115 |   155 ||   333
         Scorch            |     8 |    22 |    40 ||    70
         Flame Wave        |       |       |     3 ||     3
 Invoke: Channel Magic     |       |     1 |     1 ||     2
    Use: Scroll            |     3 |     6 |     7 ||    16
         Potion            |       |     1 |     1 ||     2
 Armour: Robe              |     6 |     3 |       ||     9
         Leather armour    |       |    12 |    42 ||    54
  Dodge: Dodged            |     9 |    19 |    19 ||    47
  Block: Other             |       |       |     3 ||     3
         Reflection        |       |       |     1 ||     1

Table legend: (Time is in decaauts)
 A = Elapsed time spent in this place.
 B = Non-inter-level travel time spent in this place.
 C = Inter-level travel time spent in this place.
 D = Time resting spent in this place.
 E = Time spent auto-exploring this place.
 F = Levels seen in this place.
 G = Mean time per level.
                   A        B        C        D        E       F      G
               +--------+--------+--------+--------+--------+-----+--------+
         Total |   8243 |   8073 |    170 |    137 |   6627 |   8 | 1030.4 |
       Dungeon |   8243 |   8073 |    170 |    137 |   6627 |   8 | 1030.4 |
               +--------+--------+--------+--------+--------+-----+--------+

Top non-repeatable levels by time:
     D:5: 1508 daAuts
     D:4: 1460 daAuts
     D:1: 1304 daAuts
     D:2: 1200 daAuts
     D:7: 1130 daAuts
     D:3: 846 daAuts
     D:6: 772 daAuts
     D:8: 20 daAuts
